 Dungeon Sprint DCSS version 0.31-a0-716-gc7603755dd (webtiles) character file.

Game seed: 15129061740562346047

3 rocky1 the Trooper (level 1, -2/20 HPs)
             Began as a Djinni Fighter on Sept 11, 2023.
             Slain by a phantom (6 damage)
             ... in the Dungeon (Sprint III: "The Ten Rune Challenge").
             The game lasted 00:00:15 (70 turns).

rocky1 the Trooper (Djinni Fighter)                   Turns: 70, Time: 00:00:16

Health: -2/20      AC:  6    Str: 15    XL:     1   Next: 55%
Gold:   19         EV:  8    Int:  9    God:
                   SH:  4    Dex: 12

rFire   + + .        a - +0 long sword
rCold   x . .        c - +0 buckler
rNeg    . . .        b - +0 scale mail
rPois   ∞            (no helmet)
rElec   .            (no cloak)
rCorr   .            (no gloves)
SInv    .            (boots unavailable)
Will    .....        (no amulet) Stlth
                     (no ring)
HPRegen 0.23/turn    (no ring)
MPRegen 0.00/turn

%: no teleportation, infuse magic (-3 HP)
@: flying
A: sickness immunity, fire resistance 2, cold vulnerability 1, float, innate
caster, HP casting, extra vitality 1
a: no special abilities


You were in the Dungeon.
You visited 1 branch You collected 19 gold pieces.

Inventory:

Hand Weapons
 a - a +0 long sword (weapon)
Armour
 b - a +0 scale mail (worn)
 c - a +0 buckler (worn)
Scrolls
 i - a scroll of blinking
Potions
 d - a potion of might
 e - a potion of curing
 f - a potion of heal wounds
 g - a potion of haste
 h - a potion of berserk rage


   Skills:
 + Level 3.3 Fighting
 + Level 2.0 Long Blades
 + Level 3.3 Armour
 + Level 3.3 Shields You didn't know any spells. Your spell library was empty.

Dungeon Overview and Level Annotations

Branches:
Dungeon (1/1)

Altars:


Innate Abilities, Weirdness & Mutations

You are immune to sickness and miasma.
You are immune to poison.
Your flesh is very heat resistant. (rF++)
You are vulnerable to cold. (rC-)
You float through the air rather than walking.
You learn spells naturally, not from books.
Your magical power is your life essence.
You have superior vitality. (+4 MHP)


Message History

You start resting.
HP restored.
You now have 9 gold pieces.
You reach down and open the door.
A rat comes into view.
A rat comes into view.
Found 10 gold pieces.
The rat bites you.
There is an open door here.
You hit the rat.
You kill the rat!
You hit the rat.
You kill the rat!
No target in view!
You now have 19 gold pieces (gained 10).
You reach down and open the door.
There is an open door here.
A human comes into view.
The human hits you but does no damage.
You closely miss the human. The human closely misses you. The human hits you.
The human barely misses you.
A phantom comes into view.
The human attacks as it pursues you! The human hits you.
The human attacks as it pursues you! The human hits you but does no damage.
The human attacks as it pursues you! The human barely misses you.
You block the human's attack. You block the phantom's attack.
The phantom hits you but does no damage.
The phantom attacks as it pursues you! The phantom hits you.
You hit the phantom.
The phantom is lightly damaged.
The phantom hits you.
You are too injured to fight recklessly!
You are too injured to fight recklessly!
You are too injured to fight recklessly!
You closely miss the phantom.
The phantom is lightly damaged.
The phantom hits you.
* * * LOW HITPOINT WARNING * * *
The phantom attacks as it pursues you! The phantom hits you.
You die...

▓▓▓▓ ▓▓▓▓▓▓ ▓<.#
+..... ▓..#
#....♣♣♣
▓#'####......♣ #
▓..†..#....~.♣ .#
▓.....#...~~♣♣♣♣♣.#
▓.....#..~p~~.....+
▓####'#..@W≈~~~.♣.#
▓....†#.~~≈~~~....#
▓.....#.~≈~~~.....#
▓.....#.~~~.......#
▓'#####...........#
▓.................#
▓▓▓▓▓▓▓▓▓▓▓▓▓▓▓▓▓▓▓


You could see a human and a phantom.

Vanquished Creatures
  An endoplasm (D)
  3 rats (D)
4 creatures vanquished.

Notes
Turn   | Place    | Note
-------+----------+-------------------------------------------
     0 | D        | rocky1 the Djinni Fighter began the quest for the Orb.
     0 | D        | Reached XP level 1. HP: 20/20 MP: 0/0
    70 | D        | Slain by a phantom

Illustrated notes

Levels and vault maps discovered:
D:        dungeon_sprint_mu [sprint_mu_entry_forest, sprint_mu_temple_rooms,
          sprint_mu_d1_spiders, sprint_mu_d2_genie, sprint_mu_d3_branching,
          sprint_mu_orc_legion, sprint_mu_elf_gauntlet, sprint_mu_hive_nellie,
          sprint_mu_lair_fedhas, sprint_mu_vaults_butterflies,
          sprint_mu_slime_circle, sprint_mu_swamp_cave, sprint_mu_shoals_kraken,
          sprint_mu_blade_basic, sprint_mu_crypt_fortress,
          sprint_mu_tomb_spiral, sprint_mu_vestibule_basic,
          sprint_mu_gehenna_hellfire, sprint_mu_dis_giant,
          sprint_mu_tartarus_statrot, sprint_mu_cocytus_islands, sprint_mu_zot1]

Skill      XL: |  1 |
---------------+----+-----
Long Blades    | 2 |  2.0
Fighting       | |  3.3
Armour         | |  3.3
Shields        | |  3.3

Action                     || total
---------------------------++-------
  Melee: Long sword        ||     8
 Armour: Scale mail        ||    10
  Dodge: Dodged            ||     4
  Block: Buckler           ||     2

Table legend: (Time is in decaauts)
 A = Elapsed time spent in this place.
 B = Non-inter-level travel time spent in this place.
 C = Inter-level travel time spent in this place.
 D = Time resting spent in this place.
 E = Time spent auto-exploring this place.
 F = Levels seen in this place.
 G = Mean time per level.
                   A        B        C        D        E       F      G
               +--------+--------+--------+--------+--------+-----+--------+
         Total |     72 |     72 |      0 |     24 |     21 |   1 |   72.0 |
       Dungeon |     72 |     72 |      0 |     24 |     21 |   1 |   72.0 |
               +--------+--------+--------+--------+--------+-----+--------+

Top non-repeatable levels by time:
       D: 72 daAuts
